EL
SAN ANTONIO MISSIONS @ SPRINGFIELD CARDINALS
09/03/2046
 
TOP OF THE 1ST
San Antonio Missions batting - Pitching for Springfield Cardinals : RHP Phil Feldscher
Pitching: RHP Phil Feldscher
Batting: SHB Olaf Zoeteman 0-0: Ball
1-0: Ball
2-0: Fly out, F8 (Flyball, 8RM, EV 94.4 MPH)
Batting: RHB Freddie Brown 0-0: Foul Ball, location: 2F
0-1: Ball
1-1: Ball
2-1: Ground out 5-3 (Groundball, 56S, EV 86.9 MPH)
Batting: RHB Yusuke Nakamura 0-0: Ball
1-0: Ball
2-0: Called Strike
2-1: Ball
3-1: Fly out, F8 (Flyball, 8LM, EV 87.5 MPH)
Top of the 1st over - 0 runs, 0 hits, 0 errors, 0 left on base; San Antonio 0 - Springfield 0
BOTTOM OF THE 1ST
Springfield Cardinals batting - Pitching for San Antonio Missions : RHP Jason Barlow
Pitching: RHP Jason Barlow
Batting: RHB Jason Gee 0-0: Ground out 6-3 (Groundball, 6, EV 103.1 MPH)
Batting: LHB Adam Eisen 0-0: Ball
1-0: SINGLE (Line Drive, 7LS, EV 101.2 MPH)
Batting: LHB Ronnie Ashley 0-0: Called Strike
0-1: Ball
1-1: Ball
2-1: Foul Ball, location: 2F
2-2: Ball
3-2: Base on Balls
Adam Eisen to second
Batting: RHB Victor Moya 0-0: Foul Ball, location: 2F
0-1: DOUBLE (Line Drive, 78XD, EV 108.1 MPH)
Adam Eisen scores
Ronnie Ashley to third
Batting: LHB Billy Guzman 0-0: Called Strike
0-1: Ball
1-1: Ball
2-1: Foul Ball, location: 2F
2-2: Foul Ball, location: 2F
2-2: Fly out, F8 (Line Drive, 8LM, EV 99.4 MPH)
Batting: RHB Dave Cluster 0-0: Ball
1-0: Foul Ball, location: 2F
1-1: Ball
2-1: DOUBLE (Flyball, 78D, EV 87.5 MPH)
Ronnie Ashley scores
Victor Moya scores
Batting: RHB Immel Kamuzu 0-0: Ball
1-0: Called Strike
1-1: Fly out, F7 (Flyball, 7LS, EV 91.9 MPH)
Bottom of the 1st over - 3 runs, 3 hits, 0 errors, 1 left on base; San Antonio 0 - Springfield 3
TOP OF THE 2ND
San Antonio Missions batting - Pitching for Springfield Cardinals : RHP Phil Feldscher
Batting: SHB Devin Hottenstein 0-0: Ball
1-0: Called Strike
1-1: Ball
2-1: DOUBLE (Line Drive, 7LM, EV 96.2 MPH)
Batting: RHB Mike Maserang 0-0: Ball
1-0: Ball
2-0: Ball
3-0: Called Strike
3-1: Base on Balls
Batting: LHB David Seminario 0-0: Called Strike
0-1: Ball
1-1: Fielders Choice at 2nd, 3-6 (Groundball, 3, EV 104.4 MPH)
Devin Hottenstein to third
Batting: LHB Josh Slusarczyk 0-0: Ball
1-0: Swinging Strike
1-1: Foul Ball, location: 2F
1-2: Strikes out swinging
Batting: RHB Gary Hills 0-0: Ball
1-0: Swinging Strike
1-1: Ground out 1-3 (Groundball, 34S, EV 75.0 MPH)
Top of the 2nd over - 0 runs, 1 hit, 0 errors, 2 left on base; San Antonio 0 - Springfield 3
BOTTOM OF THE 2ND
Springfield Cardinals batting - Pitching for San Antonio Missions : RHP Jason Barlow
Batting: RHB Justin Reich 0-0: Ball
1-0: Ball
2-0: Ground out 5-3 (Groundball, 56S, EV 90.0 MPH)
Batting: LHB Yeong-hun Joe 0-0: Called Strike
0-1: Ball
1-1: Swinging Strike
1-2: Foul Ball, location: 2F
1-2: Ball
2-2: Ball
3-2: Fly out, F5 (Popup, 56S, EV 82.5 MPH)
Batting: RHB Jason Gee 0-0: Ball
1-0: Swinging Strike
1-1: Ball
2-1: Called Strike
2-2: Ball
3-2: Ground out 4-3 (Groundball, 4M, EV 93.8 MPH)
Bottom of the 2nd over - 0 runs, 0 hits, 0 errors, 0 left on base; San Antonio 0 - Springfield 3
TOP OF THE 3RD
San Antonio Missions batting - Pitching for Springfield Cardinals : RHP Phil Feldscher
Batting: RHB Jerry Garcez 0-0: Called Strike
0-1: Swinging Strike
0-2: Ball
1-2: Foul Ball, location: 2F
1-2: Ball
2-2: Ground out 4-3 (Groundball, 4, EV 103.8 MPH)
Batting: SHB Olaf Zoeteman 0-0: Ball
1-0: Called Strike
1-1: Ball
2-1: Ground out 4-3 (Groundball, 4, EV 78.1 MPH)
Batting: RHB Freddie Brown 0-0: Foul Ball, location: 2F
0-1: Foul Ball, location: 2F
0-2: Foul Ball, location: 2F
0-2: Strikes out swinging
Top of the 3rd over - 0 runs, 0 hits, 0 errors, 0 left on base; San Antonio 0 - Springfield 3
BOTTOM OF THE 3RD
Springfield Cardinals batting - Pitching for San Antonio Missions : RHP Jason Barlow
Batting: LHB Adam Eisen 0-0: Ball
1-0: Fly out, F8 (Flyball, 8RD, EV 94.4 MPH)
Batting: LHB Ronnie Ashley 0-0: Ball
1-0: Ball
2-0: Foul Ball, location: 2F
2-1: Ball
3-1: SINGLE (Line Drive, 8LS, EV 86.9 MPH)
Batting: RHB Victor Moya 0-0: Ball
1-0: Fly out, F7 (Flyball, 78D, EV 101.9 MPH)
Batting: LHB Billy Guzman 0-0: Ball
1-0: Ball
2-0: Ball
3-0: Base on Balls
Ronnie Ashley to second
Batting: RHB Dave Cluster 0-0: Ball
1-0: Foul Ball, location: 2F
1-1: Ball
2-1: Fielders Choice at 2nd, 5-4 (Groundball, 56, EV 85.0 MPH)
Bottom of the 3rd over - 0 runs, 1 hit, 0 errors, 2 left on base; San Antonio 0 - Springfield 3
TOP OF THE 4TH
San Antonio Missions batting - Pitching for Springfield Cardinals : RHP Phil Feldscher
Batting: RHB Yusuke Nakamura 0-0: Called Strike
0-1: Ball
1-1: Foul Ball, location: 2F
1-2: Ball
2-2: Ground out 5-3 (Groundball, 56, EV 88.8 MPH)
Batting: SHB Devin Hottenstein 0-0: Ball
1-0: Ball
2-0: Called Strike
2-1: Foul Ball, location: 2F
2-2: Ball
3-2: Base on Balls
Batting: RHB Mike Maserang 0-0: Called Strike
0-1: Ball
1-1: Grounds into double play, 5-4-3 (Groundball, 56S, EV 86.9 MPH)
Top of the 4th over - 0 runs, 0 hits, 0 errors, 0 left on base; San Antonio 0 - Springfield 3
BOTTOM OF THE 4TH
Springfield Cardinals batting - Pitching for San Antonio Missions : RHP Jason Barlow
Batting: RHB Immel Kamuzu 0-0: Ball
1-0: Ball
2-0: Called Strike
2-1: Swinging Strike
2-2: Strikes out swinging
Batting: RHB Justin Reich 0-0: Foul Ball, location: 2F
0-1: Swinging Strike
0-2: Ball
1-2: Strikes out swinging
Batting: LHB Yeong-hun Joe 0-0: Called Strike
0-1: Foul Ball, location: 2F
0-2: Strikes out swinging
Bottom of the 4th over - 0 runs, 0 hits, 0 errors, 0 left on base; San Antonio 0 - Springfield 3
TOP OF THE 5TH
San Antonio Missions batting - Pitching for Springfield Cardinals : RHP Phil Feldscher
Batting: LHB David Seminario 0-0: Called Strike
0-1: Swinging Strike
0-2: Ball
1-2: Strikes out swinging
Batting: LHB Josh Slusarczyk 0-0: Ball
1-0: Swinging Strike
1-1: Called Strike
1-2: Foul Ball, location: 2F
1-2: Ball
2-2: Foul Ball, location: 2F
2-2: Foul Ball, location: 2F
2-2: Foul Ball, location: 2F
2-2: SOLO HOME RUN (Line Drive, 9D, EV 99.4 MPH), Distance : 382 ft
Batting: RHB Gary Hills 0-0: Ball
1-0: Called Strike
1-1: Foul Ball, location: 2F
1-2: DOUBLE (Flyball, 78D, EV 97.5 MPH)
Batting: RHB Jerry Garcez 0-0: Ball
1-0: Ball
2-0: Ball
3-0: Called Strike
3-1: SINGLE (Groundball, 56D, EV 105.6 MPH)
Gary Hills to third
Batting: SHB Olaf Zoeteman 0-0: Foul Ball, location: 2F
0-1: SINGLE (Flyball, 89S, EV 93.1 MPH)
Gary Hills scores
Jerry Garcez to second
Runner from 2nd tries for 3rd, SAFE, throw by RF made to third
Batting: RHB Freddie Brown 0-0: Ball
1-0: Called Strike
1-1: SINGLE (Line Drive, 9S, EV 90.6 MPH)
Jerry Garcez scores
Olaf Zoeteman to second
Runner from 2nd tries for 3rd, SAFE, throw by RF made to third
Batting: RHB Yusuke Nakamura 0-0: DOUBLE (Line Drive, 5D, EV 94.4 MPH)
Olaf Zoeteman scores
Freddie Brown to third
Runner from 3rd tries for Home, throw by LF and OUT! 7-2
Yusuke Nakamura to third
Batting: SHB Devin Hottenstein 0-0: Ball
1-0: Ball
2-0: Called Strike
2-1: Ball
3-1: Base on Balls
Batting: RHB Mike Maserang 0-0: Foul Ball, location: 2F
0-1: Fly out, F8 (Flyball, 78M, EV 90.6 MPH)
Top of the 5th over - 4 runs, 6 hits, 0 errors, 2 left on base; San Antonio 4 - Springfield 3
BOTTOM OF THE 5TH
Springfield Cardinals batting - Pitching for San Antonio Missions : RHP Jason Barlow
Batting: RHB Jason Gee 0-0: Fly out, F7 (Flyball, 78M, EV 84.4 MPH)
Batting: LHB Adam Eisen 0-0: Called Strike
0-1: Ball
1-1: Swinging Strike
1-2: SINGLE (Line Drive, 56D, EV 96.2 MPH)
Batting: LHB Ronnie Ashley 0-0: Ball
1-0: Ball
2-0: Ball
3-0: Base on Balls
Adam Eisen to second
Pitching: RHP Warren Swan
Batting: RHB Victor Moya 0-0: Swinging Strike
0-1: SINGLE (Groundball, 56S, EV 66.9 MPH) (infield hit)
Adam Eisen to third
Ronnie Ashley to second
Batting: LHB Billy Guzman 0-0: Called Strike
0-1: Foul Ball, location: 2F
0-2: Foul Ball, location: 2F
0-2: Grounds into double play, 5-4-3 (Groundball, 56, EV 108.1 MPH)
Bottom of the 5th over - 0 runs, 2 hits, 0 errors, 2 left on base; San Antonio 4 - Springfield 3
TOP OF THE 6TH
San Antonio Missions batting - Pitching for Springfield Cardinals : RHP Phil Feldscher
Batting: LHB David Seminario 0-0: Called Strike
0-1: Fly out, F8 (Flyball, 8RM, EV 90.6 MPH)
Batting: LHB Josh Slusarczyk 0-0: Ball
1-0: Called Strike
1-1: Ground out 1-3 (Groundball, 13S, EV 67.5 MPH)
Batting: RHB Gary Hills 0-0: Ball
1-0: Called Strike
1-1: Ball
2-1: Foul Ball, location: 2F
2-2: Ball
3-2: Base on Balls
Pitching: RHP Andy Temples
Batting: RHB Jerry Garcez 0-0: Ball
1-0: Called Strike
1-1: Fielders Choice at 2nd, 6-4 (Groundball, 6, EV 91.9 MPH)
Top of the 6th over - 0 runs, 0 hits, 0 errors, 1 left on base; San Antonio 4 - Springfield 3
BOTTOM OF THE 6TH
Springfield Cardinals batting - Pitching for San Antonio Missions : RHP Warren Swan
Batting: RHB Dave Cluster 0-0: Called Strike
0-1: Foul Ball, location: 2F
0-2: Strikes out swinging
Batting: RHB Immel Kamuzu 0-0: Called Strike
0-1: Foul Ball, location: 2F
0-2: Ball
1-2: Foul Ball, location: 2F
1-2: Foul Ball, location: 2F
1-2: Ground out 4-3 (Groundball, 34, EV 86.9 MPH)
Batting: RHB Justin Reich 0-0: Ball
1-0: Ball
2-0: Foul Ball, location: 2F
2-1: Ball
3-1: Base on Balls
Batting: LHB Yeong-hun Joe 0-0: Ball
1-0: Called Strike
1-1: Swinging Strike
1-2: Ball
2-2: Strikes out swinging passed ball, reaches first!
Justin Reich to second
Batting: RHB Jason Gee 0-0: Ball
1-0: Swinging Strike
1-1: Foul Ball, location: 2F
1-2: Foul Ball, location: 2F
1-2: Fielders Choice at 2nd, 6-4 (Groundball, 6, EV 86.2 MPH)
Bottom of the 6th over - 0 runs, 0 hits, 0 errors, 2 left on base; San Antonio 4 - Springfield 3
TOP OF THE 7TH
San Antonio Missions batting - Pitching for Springfield Cardinals : RHP Andy Temples
Batting: SHB Olaf Zoeteman 0-0: Fly out, F9 (Flyball, 9LSF, EV 85.0 MPH)
Batting: RHB Freddie Brown 0-0: Ball
1-0: Called Strike
1-1: Foul Ball, location: 2F
1-2: Foul Ball, location: 2F
1-2: Ball
2-2: TRIPLE (Line Drive, 9LD, EV 111.2 MPH)
Batting: RHB Yusuke Nakamura 0-0: Ball
1-0: Foul Ball, location: 2F
1-1: Ball
2-1: Ball
3-1: Foul Ball, location: 2F
3-2: Fly out, F9 (Line Drive, 9LM, EV 103.1 MPH)
Runner from 3rd tags up, SCORES, no throw by RF
Batting: SHB Devin Hottenstein 0-0: Called Strike
0-1: Swinging Strike
0-2: Strikes out swinging
Top of the 7th over - 1 run, 1 hit, 0 errors, 0 left on base; San Antonio 5 - Springfield 3
BOTTOM OF THE 7TH
Springfield Cardinals batting - Pitching for San Antonio Missions : RHP Warren Swan
Batting: LHB Adam Eisen 0-0: Called Strike
0-1: Ball
1-1: Ball
2-1: Fly out, F9 (Flyball, 89M, EV 92.5 MPH)
Batting: LHB Ronnie Ashley 0-0: Ball
1-0: Ball
2-0: Ball
3-0: Base on Balls
Batting: RHB Victor Moya Balk!
Ronnie Ashley to second
0-0: Called Strike
0-1: Ball
1-1: Ball
2-1: Ball
3-1: Ground out 4-3 (Groundball, 4, EV 83.1 MPH)
Ronnie Ashley to third
Batting: LHB Billy Guzman 0-0: Ball
1-0: Ball
2-0: Foul Ball, location: 2F
2-1: Fly out, F7 (Line Drive, 7D, EV 91.9 MPH)
Bottom of the 7th over - 0 runs, 0 hits, 0 errors, 1 left on base; San Antonio 5 - Springfield 3
TOP OF THE 8TH
San Antonio Missions batting - Pitching for Springfield Cardinals : RHP Andy Temples
Batting: RHB Mike Maserang 0-0: Called Strike
0-1: Ground out 5-3 (Groundball, 5L, EV 103.1 MPH)
Batting: LHB David Seminario 0-0: Ball
1-0: Ground out 6-3 (Groundball, P, EV 84.4 MPH)
Batting: LHB Josh Slusarczyk 0-0: Fly out, F8 (Flyball, 8LD, EV 91.2 MPH)
Top of the 8th over - 0 runs, 0 hits, 0 errors, 0 left on base; San Antonio 5 - Springfield 3
BOTTOM OF THE 8TH
Springfield Cardinals batting - Pitching for San Antonio Missions : RHP Warren Swan
Pitching: RHP Ethan Massey
Now at 2B: Jerry Garcez
Now in CF: Jaden Scott
Batting: RHB Dave Cluster 0-0: Called Strike
0-1: Fly out, F9 (Flyball, 9, EV 89.4 MPH)
Batting: RHB Immel Kamuzu 0-0: Called Strike
0-1: Ball
1-1: Called Strike
1-2: Strikes out swinging
Batting: RHB Justin Reich 0-0: Swinging Strike
0-1: Ball
1-1: DOUBLE (Line Drive, 78XD, EV 100.6 MPH)
Batting: LHB Yeong-hun Joe 0-0: Ball
1-0: Foul Ball, location: 2F
1-1: Called Strike
1-2: Ground out 5-3 (Groundball, 5, EV 85.6 MPH)
Bottom of the 8th over - 0 runs, 1 hit, 0 errors, 1 left on base; San Antonio 5 - Springfield 3
TOP OF THE 9TH
San Antonio Missions batting - Pitching for Springfield Cardinals : RHP Andy Temples
Batting: RHB Gary Hills 0-0: Ball
1-0: Ball
2-0: Fly out, F7 (Flyball, 7LS, EV 86.2 MPH)
Batting: RHB Jerry Garcez 0-0: Ground out 5-3 (Groundball, 56S, EV 67.5 MPH)
Batting: RHB Jaden Scott 0-0: Ball
1-0: Called Strike
1-1: Ball
2-1: Ball
3-1: Base on Balls
Batting: RHB Freddie Brown 0-0: Ball
Jaden Scott steals 2nd base
1-0: Ball
2-0: Ball
3-0: Called Strike
3-1: Swinging Strike
3-2: Strikes out looking
Top of the 9th over - 0 runs, 0 hits, 0 errors, 1 left on base; San Antonio 5 - Springfield 3
BOTTOM OF THE 9TH
Springfield Cardinals batting - Pitching for San Antonio Missions : RHP Ethan Massey
Pitching: LHP Ed Valdez
Batting: RHB Jason Gee 0-0: Called Strike
0-1: Ball
1-1: Fly out, F9 (Flyball, 9S, EV 83.8 MPH)
Pinch Hitting: RHB Dan Boykins 0-0: Foul Ball, location: 2F
0-1: Ball
1-1: Fly out, F8 (Line Drive, 8LM, EV 93.1 MPH)
Batting: LHB Ronnie Ashley 0-0: Called Strike
0-1: Ground out 6-3 (Groundball, 56, EV 78.8 MPH)
Bottom of the 9th over - 0 runs, 0 hits, 0 errors, 0 left on base; San Antonio 5 - Springfield 3
Tuesday, September 13th , 2022 - OOTP Baseball 23.7 Build 88